 Dungeon Crawl Stone Soup version 0.29.1-15-g9cfb28693d (webtiles) character file.

Game seed: 8663591253588595735

1 fleeber the Magician (level 1, 0/15 HPs)
             Began as a Djinni Fire Elementalist on Mar 25, 2023.
             Frozen to death by an endoplasm (1 damage)
             ... on level 1 of the Dungeon.
             The game lasted 00:01:15 (95 turns).

fleeber the Magician (Djinni Fire Elementalist)       Turns: 95, Time: 00:01:16

Health: 0/15       AC:  2    Str:  7    XL:     1   Next: 22%
Gold:   0          EV: 12    Int: 16    God:
                   SH:  0    Dex: 13

rFire   + + .      SeeInvis .   (no weapon)
rCold   x . .      Faith    .   (no shield)
rNeg    . . .      Spirit   .   a - +0 robe
rPois   ∞          Reflect  .   (no helmet)
rElec   .          Harm     .   (no cloak)
rCorr   .          Rampage  .   (no gloves)
Will    .....                   (boots unavailable)
Stlth   ++........              (no amulet)
HPRegen 0.05/turn               (no ring)
MPRegen 0.00/turn               (no ring)

@: flying
A: sickness immunity, fire resistance 2, cold vulnerability 1, float, innate
caster, HP casting, extra vitality 1
a: no special abilities


You were on level 1 of the Dungeon.
You visited 1 branch of the dungeon, and saw 1 of its levels.

Inventory:

Armour
 a - a +0 robe (worn)


   Skills:
 + Level 0.1 Fighting
 + Level 2.2 Dodging
 - Level 1.5 Stealth
 * Level 2.4 Spellcasting


You couldn't memorise any spells.
You knew the following spells:

 Your Spells              Type           Power      Damage    Failure   Level
a - Foxfire               Conj/Fire      36%        2x1d5     8%          1
b - Scorch                Fire           18%        2d5       11%         2
c - Conjure Flame         Conj/Fire      9%         6-21      22%         3
d - Inner Flame           Hex/Fire       9%         N/A       22%         3
e - Flame Wave            Conj/Fire      9%         2d6       58%         4
Your spell library was empty.

Dungeon Overview and Level Annotations

Branches:
Dungeon (1/15)

Altars:


Innate Abilities, Weirdness & Mutations

You are immune to sickness and miasma.
You are immune to poison.
Your flesh is very heat resistant. (rF++)
You are vulnerable to cold. (rC-)
You float through the air rather than walking.
You learn spells naturally, not from books.
Your magical power is your life essence.
You have superior vitality. (+4 MHP)


Message History

The endoplasm quivers.
The endoplasm moves out of view.
You conjure some foxfire!
The foxfire hits the quokka.
The quokka is heavily wounded.
Your foxfire dissipates!
You conjure some foxfire!
The quokka bites you.
Your foxfire dissipates!
The quokka bites you but does no damage.
You conjure some foxfire!
The quokka closely misses you.
Your foxfire dissipates!
The foxfire hits the quokka.
You kill the quokka!
You conjure some foxfire!
The foxfire hits the endoplasm.
The endoplasm is severely wounded.
Your foxfire dissipates!
You miscast Foxfire.
You are very lightly contaminated with residual magic.
Nothing appears to happen.
The endoplasm attacks as you move away! The endoplasm hits you.
You conjure some foxfire!
The endoplasm freezes you.
You are frozen.
Your foxfire dissipates!
The endoplasm hits you but does no damage.
The endoplasm attacks as you move away! The endoplasm hits you.
* * * LOW HITPOINT WARNING * * *
You conjure some foxfire!
* * * LOW HITPOINT WARNING * * *
The endoplasm jiggles.
The endoplasm barely misses you.
Your foxfire dissipates!
The foxfire hits the endoplasm.
The endoplasm is almost dead.
Your magical contamination has completely faded away.
You conjure some foxfire!
* * * LOW HITPOINT WARNING * * *
The endoplasm freezes you.
You are frozen.
You die...

############# #####
#...........# #...#
##.8.♣.8.♣.8.# #
#...#####.............
..##.......∩.≈≈≈≈≈≈≈≈≈≈≈.
#..).....####.............
#...#...v#####.8.♣.8.♣.8.#
#.. ###.v@J..#...........#
## #...##.#############
#.....##.....#
#.....######.# #...... ..#
#..###.# .#.# #.. ## J.#..
#.. .# #.# .. ..#


You could see an endoplasm (ally target).

Vanquished Creatures
  A quokka (D:1)
1 creature vanquished.

Vanquished Creatures (others)
  6 foxfires (D:1)
6 creatures vanquished.

Grand Total: 7 creatures vanquished

Notes
Turn   | Place    | Note
-------+----------+-------------------------------------------
     0 | D:1      | fleeber the Djinni Fire Elementalist began the quest for
                  | the Orb.
     0 | D:1      | fleeber set off with the following spells memorised:
                  | Foxfire, Scorch, Conjure Flame, Inner Flame, Flame Wave.
     0 | D:1      | Reached XP level 1. HP: 15/15 MP: 0/0
    95 | D:1      | Frozen to death by an endoplasm

Illustrated notes

Levels and vault maps discovered:
D:1:      mainiacjoe_arrival_reflecting_pool, layout_basic,
          chequers_ecumenical_altar_simple_redux, serial_curves, eino_curves_04,
          eino_curves_04, minmay_indecisive_spiral

Action                   || total
-------------------------++-------
 Cast: Foxfire           ||     8
Armor: Robe              ||     2
Dodge: Dodged            ||     2
